 Dungeon Crawl Stone Soup version 0.31-a0-1074-g0b22e4e0f1 (webtiles) character file.

Game seed: 14252572956298987905

210 wildpjah the Changeling (level 5, -1/38 HPs)
             Began as a Merfolk Shapeshifter on Dec 8, 2023.
             Was an Initiate of Okawaru.
             Slain by a gnoll bouda
             ... wielding a +0 club
              (2 damage)
             ... on level 3 of the Dungeon.
             The game lasted 00:09:21 (3313 turns).

wildpjah the Changeling (Merfolk Shapeshifter)      Turns: 3313, Time: 00:09:22

Health: -1/38      AC:  9    Str: 14    XL:     5   Next: 88%
Magic:  0/5        EV: 11    Int:  9    God:    Okawaru [......]
Gold:   222        SH:  0    Dex: 16    Spells: 4/4 levels left

rFire   . . .        t - +2 short sword (speed)
rCold   . . .        (no shield)
rNeg    . . .        s - +3 scale mail
rPois   .            j - melded +1 helmet
rElec   .            (cloak currently unavailable)
rCorr   .            (gloves currently unavailable)
SInv    .            (boots currently unavailable)
Will    .....        f - amulet of guardian spirit Stlth
                     (no ring)
HPRegen 0.26/turn    (no ring)
MPRegen 0.09/turn

%: guardian spirit
@: beast-form, weakened
A: beast (slay +3), (nimble swimmer 2), mertail
a: Begin Untransformation, Renounce Religion


You were on level 3 of the Dungeon.
You worshipped Okawaru.
Okawaru was noncommittal.
You were a hulking beast.
You visited 1 branch of the dungeon, and saw 4 of its levels.

You collected 222 gold pieces.

Inventory:

Hand Weapons
 k - a +0 dagger
 l - a +0 short sword
 t - a +2 short sword of speed (weapon)
Missiles
 m - 2 boomerangs (quivered)
Armour
 a - a +0 animal skin
 j - a +1 helmet (melded)
 s - a +3 scale mail (worn)
Jewellery
 f - an amulet of guardian spirit (around neck)
 p - a ring of poison resistance
Talismans
 c - a beast talisman (active)
 d - a flux talisman
 q - a granite talisman
Scrolls
 e - 3 scrolls of enchant armour {unknown}
 o - a scroll of immolation {unknown}
 u - a scroll of teleportation {unknown}
Potions
 b - a potion of lignification
 g - 2 potions of might {unknown}
 h - 5 potions of curing {unknown}
 i - a potion of heal wounds {unknown}
 n - a potion of mutation {unknown}
 r - 2 potions of resistance {unknown}


   Skills:
 + Level 2.0 Fighting
 + Level 2.7 Short Blades
 + Level 1.0 Armour
 * Level 4.5 Dodging
 + Level 1.1 Stealth
 - Level 3.2 Unarmed Combat
 + Level 5.3 Shapeshifting


You had 4 spell levels left.
You didn't know any spells.
Your spell library was empty.

Dungeon Overview and Level Annotations

Branches:
Dungeon (4/15)             Temple (0/1) D:4

Altars:
Ashenzari
Elyvilon
Fedhas
Gozag
Hepliaklqana
Kikubaaqudgha
Nemelex Xobeh
Okawaru
Qazlal
Uskayaw
Vehumet
Xom

Shops:
D:1 ((

Annotations:
D:3 1 transporter


Innate Abilities, Weirdness & Mutations

You are a hulking beast.
Your limbs bulge with bestial killing power. (Slay +3)
((You are very nimble when in or above water. (Stealth+, EV+, Speed+++)))
Your lower body shifts to a powerful aquatic tail in water.


Message History

The gnoll bouda is moderately wounded.
The gnoll bouda hits you with a +0 club.
You hit the gnoll bouda but do no damage.
The gnoll bouda is moderately wounded.
The gnoll closely misses you. The gnoll bouda closely misses you.
You hit the gnoll bouda but do no damage.
The gnoll bouda is moderately wounded.
The gnoll hits you with a +2 whip of electrocution!
You completely miss the gnoll bouda.
The gnoll bouda is moderately wounded.
The gnoll bouda barely misses you. The gnoll misses you.
There is a stone staircase leading up, spattered with blood here.
Your attacks no longer feel as feeble.
The gnoll hits you with a +2 whip of electrocution.
You are electrocuted!
* * * LOW HITPOINT WARNING * * *
The gnoll bouda gazes fiercely through you!
You feel your attacks grow feeble.
The gnoll bouda hits you with a +0 club!
* * * LOW HITPOINT WARNING * * *
You climb upwards.
Level annotation: 1 transporter
There is a stone staircase leading down, spattered with blood here.
Press: ? - help, v - describe, . - travel
Here: a gnoll, wielding a +2 whip of electrocution (covering ground quickly)
The floor.
Unknown command.
No other quiver actions available for cycling.
You closely miss the gnoll. The gnoll misses you.
You closely miss the gnoll.
The gnoll is no longer moving quickly.
The gnoll bouda barely misses you.
The gnoll hits you with a +2 whip of electrocution.
* * * LOW HITPOINT WARNING * * *
You hit the gnoll.
The gnoll is heavily wounded.
The gnoll bouda gazes fiercely through you!
You feel as though you will be weak longer.
The gnoll bouda hits you with a +0 club.
You die...

.......# ##...##▓⌠...⌠▓...▓s..
.#.###########..###▓▓▓▓▓▓▓...▓▓▓▓
..## #......)...### ##'## # .##
#..####...##.# #.# # .# #..#
#...##.### #.# # ########..#
#........# #.### # ......)...#
#........#####.#.###
#########.####.g.................
#........gh)....####.......
#.#.#####†).....# #...#.## #.#.#
#.)##.### #....## #.#.# #^.##.#
#..>## ######.#)#####..##.#
#..)####
#...............##.######.......
#.####.#...........##........###
#.# #.########.#####.######.###
#.# #.# #...)...# ##.#.##


You could see a gnoll bouda and a gnoll.

Vanquished Creatures
  A hound (D:4)
  5 adders
  7 gnolls
  A worm (D:2)
  A dart slug (D:2)
  2 orcs (D:3)
  6 bats
  5 endoplasms
  2 giant cockroaches (D:3)
  3 goblins
  3 hobgoblins
  4 jackals (D:3)
  A quokka (D:2)
  5 ball pythons
  11 frilled lizards
  5 kobolds
  5 rats
67 creatures vanquished.

Notes
Turn   | Place    | Note
-------+----------+-------------------------------------------
     0 | D:1      | wildpjah the Merfolk Shapeshifter began the quest for the
                  | Orb.
     0 | D:1      | Reached XP level 1. HP: 15/15 MP: 1/1
   248 | D:1      | Found a faded altar of an unknown god.
   475 | D:1      | Reached XP level 2. HP: 19/21 MP: 0/2
   659 | D:1      | Found Caloikoh's Weapon Shop.
   801 | D:1      | Found Mojed's Weapon Emporium.
   980 | D:2      | Reached skill level 5 in Shapeshifting
  1065 | D:2      | Reached XP level 3. HP: 17/26 MP: 3/3
  1422 | D:2      | Reached skill level 1 in Short Blades
  1831 | D:3      | Reached XP level 4. HP: 32/32 MP: 2/4
  2122 | D:3      | Found a sparkling altar of Nemelex Xobeh.
  2122 | D:3      | Found a transporter.
  2122 | D:3      | Noticed a scorpion
  2682 | D:3      | Found a white marble altar of Elyvilon.
  2683 | D:3      | Found a broken altar of Ashenzari.
  2685 | D:3      | Found a blossoming altar of Fedhas.
  2687 | D:3      | Found a stormy altar of Qazlal.
  2690 | D:3      | Found an ancient bone altar of Kikubaaqudgha.
  2690 | D:3      | Found a shimmering altar of Xom.
  2690 | D:3      | Found a hazy altar of Hepliaklqana.
  2690 | D:3      | Found a hide-covered altar of Uskayaw.
  2691 | D:3      | Found an iron altar of Okawaru.
  2696 | D:3      | Became a worshipper of Warmaster Okawaru
  2698 | D:3      | Found a radiant altar of Vehumet.
  2700 | D:3      | Found an opulent altar of Gozag.
  2970 | D:3      | Reached XP level 5. HP: 18/38 MP: 1/5
  3122 | D:4      | Reached skill level 1 in Stealth
  3131 | D:4      | Found a staircase to the Ecumenical Temple.
  3231 | D:3      | Reached skill level 1 in Armour
  3312 | D:3      | HP: 1/38 [gnoll/+2 whip of electrocution[a gnoll bouda]
                  | (5)]
  3313 | D:3      | Slain by a gnoll bouda

Illustrated notes

Levels and vault maps discovered:
D:1:      psy_arrival_whirlpool, layout_loops_corners,
          ebering_ecumenical_altar_box, serial_shops,
          nicolae_shop_hallway_stairs, nicolae_shop_bloodbath_and_beyond,
          minmay_tetromino_l2
D:2:      layout_basic, corexii_item_surrounded_by_moat, minmay_lizard_pond
D:3:      layout_loops_ring, minitemple, grunt_nemelex_the_gamble
D:4:      layout_basic, minmay_temple_entry_statues_fountains

Skill      XL: |  1  2  3  4  5 |
---------------+----------------+-----
Shapeshifting  | 5 |  5.3
Short Blades   | 1 2 |  2.7
Dodging        | 3 4 |  4.5
Fighting       | 2 |  2.0
Stealth        | 1 |  1.1
Armour         | 1 |  1.0
Unarmed Combat | |  3.2

Action                     |  1- 3 |  4- 6 || total
---------------------------+-------+-------++-------
  Melee: Unarmed           |    24 |       ||    24
         Punch             |     4 |     5 ||     9
         Short sword       |   118 |   161 ||   279
         Dagger            |    11 |       ||    11
Ability: Begin Untransform |     1 |       ||     1
   Stab: Sleeping          |     1 |     2 ||     3
 Armour: Animal skin       |    79 |    19 ||    98
         Scale mail        |       |    65 ||    65
  Dodge: Dodged            |   106 |   104 ||   210
   Form: Beast             |     1 |     2 ||     3
         Statue            |       |     1 ||     1

Table legend: (Time is in decaauts)
 A = Elapsed time spent in this place.
 B = Non-inter-level travel time spent in this place.
 C = Inter-level travel time spent in this place.
 D = Time resting spent in this place.
 E = Time spent auto-exploring this place.
 F = Levels seen in this place.
 G = Mean time per level.
                   A        B        C        D        E       F      G
               +--------+--------+--------+--------+--------+-----+--------+
         Total |   3269 |   3107 |    162 |    223 |   2149 |   4 |  817.2 |
       Dungeon |   3269 |   3107 |    162 |    223 |   2149 |   4 |  817.2 |
               +--------+--------+--------+--------+--------+-----+--------+

Top non-repeatable levels by time:
     D:3: 1333 daAuts
     D:2: 946 daAuts
     D:1: 818 daAuts
     D:4: 171 daAuts
